3279 views
Uploaded 2020-04-21 13:45:53
Game version 1.32.3
10:49 long 2on2 ladder game on (4)FurbolgMountain
Saved by zebroni
3279 views
Uploaded 2020-04-21 13:45:53
Game version 1.32.3
10:49 long 2on2 ladder game on (4)FurbolgMountain
41 units @ 4.7k
/ 0.7k
25 buildings @ 3.3k
/ 1.2k


| Boots of Speed | 1 | 250 |
| Circlet of Nobility | 1 | 175 |
| total: | 2 | 425g |
| Wisp | 10 | 600 | / | 0 |
| Archer | 6 | 780 | / | 60 |
| Dryad | 5 | 725 | / | 300 |
| total: | 21 | 2105g | / | 360w |
| Altar of Elders | 1 | 180 | / | 50 |
| Moon Well | 5 | 900 | / | 200 |
| Ancient of War | 1 | 150 | / | 60 |
| Hunter's Hall | 1 | 210 | / | 100 |
| Ancient of Wonders | 1 | 90 | / | 30 |
| Ancient of Lore | 2 | 310 | / | 290 |
| Tree of Ages | 1 | 320 | / | 180 |
| Tree of Eternity | 1 | 330 | / | 200 |
| total: | 11 | 1840g | / | 730w |
| 0:04 | Altar of Elders |
| 0:06 | Wisp |
| 0:11 | Wisp |
| 0:11 | Wisp |
| 0:22 | Moon Well |
| 0:35 | Wisp |
| 0:54 | Ancient of War |
| 1:06 | Wisp |
| 1:06 | Wisp |
| 1:07 | Wisp |
| 1:30 | Wisp |
| 1:34 | Moon Well |
| 1:49 | Wisp |
| 1:59 | Archer |
| 2:03 | Wisp |
| 2:18 | Archer |
| 2:24 | Evasion |
| 2:40 | Tree of Ages |
| 2:48 | Archer |
| 3:06 | Moon Well |
| 3:26 | Archer |
| 3:39 | Hunter's Hall |
| 4:02 | Archer |
| 4:13 | Mana Burn |
| 4:48 | Strength of the Wild |
| 5:09 | Archer |
| 5:12 | Tree of Eternity |
| 5:18 | Ancient of Lore |
| 5:22 | Ancient of Lore |
| 5:57 | Reinforced Hides |
| 6:14 | Mana Burn |
| 6:42 | Dryad |
| 6:42 | Dryad |
| 6:47 | Abolish Magic |
| 7:06 | Trueshot Aura |
| 8:16 | Moon Well |
| 8:18 | Moon Well |
| 8:21 | Improved Strength of the Wild |
| 8:26 | Druid of the Claw Adept Training |
| 8:52 | Druid of the Claw Master Training |
| 9:01 | Ancient of Wonders |
| 9:08 | Boots of Speed |
| 9:09 | Circlet of Nobility |
| 9:17 | Dryad |
| 9:17 | Dryad |
| 10:02 | Mark of the Claw |
| 10:04 | Dryad |
| 10:38 | Resistant Skin |


| Scroll of Regeneration | 1 | 100 |
| Lesser Clarity Potion | 1 | 70 |
| Potion of Lesser Invulnerability | 1 | 150 |
| total: | 3 | 320g |
| Peasant | 11 | 825 | / | 0 |
| Rifleman | 7 | 1435 | / | 210 |
| Mortar Team | 2 | 360 | / | 140 |
| total: | 20 | 2620g | / | 350w |
| Scout Tower | 1 | 30 | / | 20 |
| Arcane Tower | 1 | 70 | / | 50 |
| Altar of Kings | 1 | 180 | / | 50 |
| Farm | 7 | 560 | / | 140 |
| Blacksmith | 1 | 140 | / | 60 |
| Barracks | 1 | 160 | / | 60 |
| Arcane Vault | 1 | 130 | / | 30 |
| Lumber Mill | 1 | 120 | / | 0 |
| Workshop | 1 | 140 | / | 140 |
| Keep | 1 | 320 | / | 210 |
| Castle | 1 | 360 | / | 210 |
| total: | 14 | 1460g | / | 500w |
| 0:04 | Peasant |
| 0:04 | Peasant |
| 0:11 | Altar of Kings |
| 0:25 | Peasant |
| 0:35 | Farm |
| 0:46 | Peasant |
| 0:46 | Peasant |
| 1:09 | Blacksmith |
| 1:12 | Peasant |
| 1:20 | Farm |
| 1:28 | Peasant |
| 1:45 | Barracks |
| 1:50 | Peasant |
| 2:05 | Scout Tower |
| 2:10 | Peasant |
| 2:16 | Holy Light |
| 2:28 | Farm |
| 2:37 | Arcane Tower |
| 2:42 | Peasant |
| 2:43 | Peasant |
| 2:50 | Rifleman |
| 3:08 | Farm |
| 3:11 | Rifleman |
| 3:16 | Arcane Vault |
| 3:29 | Rifleman |
| 4:00 | Keep |
| 4:16 | Rifleman |
| 4:46 | Rifleman |
| 4:51 | Farm |
| 4:57 | Devotion Aura |
| 5:08 | Rifleman |
| 5:15 | Lumber Mill |
| 5:30 | Black Gunpowder |
| 6:00 | Farm |
| 6:01 | Rifleman |
| 6:18 | Holy Light |
| 6:33 | Workshop |
| 6:41 | Farm |
| 6:43 | Improved Lumber Harvesting |
| 8:25 | Scroll of Regeneration |
| 8:28 | Lesser Clarity Potion |
| 8:32 | Mortar Team |
| 8:39 | Flame Strike |
| 9:01 | Potion of Lesser Invulnerability |
| 9:04 | Mortar Team |
| 9:10 | Castle |
51 units @ 6.5k
/ 0.8k
22 buildings @ 3.8k
/ 1.4k


| Rod of Necromancy | 2 | 300 |
| Dust of Appearance | 1 | 75 |
| total: | 3 | 375g |
| Acolyte | 2 | 150 | / | 0 |
| Ghoul | 2 | 240 | / | 0 |
| Crypt Fiend | 8 | 1720 | / | 320 |
| Obsidian Statue | 2 | 400 | / | 70 |
| total: | 14 | 2510g | / | 390w |
| Nerubian Tower | 1 | 100 | / | 20 |
| Graveyard | 1 | 215 | / | 0 |
| Crypt | 1 | 200 | / | 50 |
| Altar of Darkness | 1 | 180 | / | 50 |
| Ziggurat | 5 | 750 | / | 250 |
| Tomb of Relics | 1 | 130 | / | 30 |
| Slaughterhouse | 1 | 140 | / | 135 |
| Halls of the Dead | 1 | 320 | / | 210 |
| Black Citadel | 1 | 325 | / | 230 |
| total: | 10 | 1615g | / | 515w |
| 0:02 | Acolyte |
| 0:03 | Acolyte |
| 0:09 | Graveyard |
| 0:16 | Crypt |
| 0:43 | Altar of Darkness |
| 0:56 | Ziggurat |
| 1:19 | Ghoul |
| 1:20 | Ghoul |
| 1:35 | Tomb of Relics |
| 1:50 | Ziggurat |
| 2:12 | Crypt Fiend |
| 2:43 | Rod of Necromancy |
| 2:47 | Dust of Appearance |
| 2:58 | Death Coil |
| 2:59 | Crypt Fiend |
| 3:03 | Backpack |
| 3:32 | Halls of the Dead |
| 3:52 | Crypt Fiend |
| 4:11 | Ziggurat |
| 4:27 | Unholy Aura |
| 4:33 | Crypt Fiend |
| 4:44 | Nerubian Tower |
| 4:53 | Creature Attack |
| 5:14 | Rod of Necromancy |
| 5:26 | Crypt Fiend |
| 6:01 | Death Coil |
| 6:14 | Slaughterhouse |
| 6:41 | Web |
| 7:17 | Frost Nova |
| 7:22 | Obsidian Statue |
| 7:23 | Black Citadel |
| 7:35 | Ziggurat |
| 8:13 | Crypt Fiend |
| 8:18 | Improved Creature Attack |
| 8:34 | Ziggurat |
| 8:36 | Obsidian Statue |
| 8:37 | Crypt Fiend |
| 8:43 | Crypt Fiend |
| 8:57 | Frost Armor |
| 9:54 | Unholy Aura |
| 10:33 | Destroyer Form |
| 10:37 | Advanced Creature Attack |


| Lesser Clarity Potion | 1 | 70 |
| Potion of Mana | 1 | 200 |
| Scroll of Town Portal | 1 | 350 |
| total: | 3 | 620g |
| Wisp | 19 | 1140 | / | 0 |
| Archer | 11 | 1430 | / | 110 |
| Dryad | 3 | 435 | / | 180 |
| Mountain Giant | 1 | 350 | / | 100 |
| Forest Troll Berserker | 2 | 490 | / | 60 |
| Forest Troll Shadow Priest | 1 | 195 | / | 10 |
| total: | 37 | 4040g | / | 460w |
| Altar of Elders | 1 | 180 | / | 50 |
| Moon Well | 5 | 900 | / | 200 |
| Ancient of War | 1 | 150 | / | 60 |
| Tree of Life | 1 | 340 | / | 185 |
| Ancient of Wonders | 1 | 90 | / | 30 |
| Hunter's Hall | 1 | 210 | / | 100 |
| Ancient of Lore | 2 | 310 | / | 290 |
| Tree of Ages | 1 | 320 | / | 180 |
| total: | 12 | 2180g | / | 915w |
| 0:03 | Wisp |
| 0:03 | Wisp |
| 0:08 | Altar of Elders |
| 0:18 | Moon Well |
| 0:21 | Wisp |
| 0:32 | Ancient of War |
| 0:34 | Wisp |
| 0:44 | Wisp |
| 0:55 | Wisp |
| 1:22 | Wisp |
| 1:28 | Moon Well |
| 1:33 | Archer |
| 1:35 | Wisp |
| 1:47 | Archer |
| 1:51 | Wisp |
| 2:08 | Force of Nature |
| 2:35 | Archer |
| 2:36 | Wisp |
| 3:13 | Archer |
| 3:16 | Tree of Ages |
| 3:34 | Tree of Life |
| 3:39 | Archer |
| 3:51 | Entangling Roots |
| 3:56 | Moon Well |
| 4:11 | Archer |
| 4:17 | Ancient of Wonders |
| 4:50 | Archer |
| 4:50 | Archer |
| 5:07 | Force of Nature |
| 5:27 | Hunter's Hall |
| 5:38 | Wisp |
| 5:38 | Wisp |
| 5:38 | Wisp |
| 5:39 | Wisp |
| 5:40 | Wisp |
| 5:42 | Improved Bows |
| 5:43 | Wisp |
| 5:43 | Wisp |
| 5:59 | Forest Troll Berserker |
| 6:35 | Ancient of Lore |
| 6:37 | Ancient of Lore |
| 6:46 | Entangling Roots |
| 6:57 | Wisp |
| 6:57 | Wisp |
| 6:58 | Archer |
| 6:59 | Archer |
| 7:52 | Archer |
| 7:55 | Dryad |
| 7:56 | Abolish Magic |
| 8:02 | Moon Well |
| 8:25 | Moon Well |
| 8:47 | Scroll of Town Portal |
| 8:52 | Lesser Clarity Potion |
| 8:54 | Potion of Mana |
| 9:06 | Mountain Giant |
| 9:09 | Trueshot Aura |
| 10:17 | Force of Nature |
| 10:25 | Dryad |
| 10:25 | Dryad |
| 10:33 | Searing Arrows |
| 10:47 | Forest Troll Berserker |
| 10:48 | Forest Troll Shadow Priest |
⇛